 Dungeon Crawl Stone Soup version 0.27.1-2-g3b301248ec (webtiles) character file.

Game seed: 12842401618447574654

130190 Dexcius the Executioner (level 16, -3/151 HPs)
             Began as a Minotaur Berserker on Sept 27, 2021.
             Was the Champion of Trog.
             Slain by an eleionoma (13 damage)
             ... on level 2 of the Swamp.
             The game lasted 01:25:32 (25623 turns).

Dexcius the Executioner (Minotaur Berserker)       Turns: 25623, Time: 01:25:32

Health: -3/151     AC: 25    Str: 28    XL:     16   Next: 52%
Magic:  15/15      EV: 13    Int:  4    God:    Trog [******]
Gold:   1911       SH:  5    Dex: 11    Spells: 15/15 levels left

rFire    + . .     SeeInvis +   a - +10 executioner's axe of Malaise {vorpal, rF+ rC+ rN+}
rCold    + . .     Faith    .   (shield currently unavailable)
rNeg     + + .     Spirit   .   v - +4 plate armour "Liafor" {rN+ Slay+3 SInv}
rPois    .         Reflect  +   (helmet restricted)
rElec    .         Harm     .   (no cloak)
rCorr    +         Rampage  +   y - +0 pair of gloves of Maarany {Rampage rCorr}
Will     +....                  m - +2 pair of boots
Stlth    ..........             s - amulet of reflection
HPRegen  0.35/turn              e - +4 ring of evasion
MPRegen  0.14/turn              t - ring of see invisible

@: hasted, very quick
A: horns 2, retaliatory headbutt
a: Renounce Religion, Berserk, Trog's Hand, Brothers in Arms


You were on level 2 of the Swamp.
You worshipped Trog.
Trog was exalted by your worship.
You visited 5 branches of the dungeon, and saw 22 of its levels.

You collected 2253 gold pieces.
You spent 342 gold pieces at shops.

Inventory:

Hand Weapons
 a - the +10 executioner's axe of Malaise (weapon) {vorpal, rF+ rC+ rN+}
   (You acquired it on level 3 of the Dungeon)

   It inflicts extra damage upon your enemies.
   rF:        It protects you from fire.
   rC:        It protects you from cold.
   rN:        It protects you from negative energy.
 l - the +10 great mace of Optimality {vorpal, rElec Dex+2}
   (Trog gifted it to you on level 6 of the Lair of Beasts)

   It inflicts extra damage upon your enemies.
   Dex:       It affects your dexterity (+2).
   rElec:     It insulates you from electricity.
Armour
 g - a +2 pair of gloves
 m - a +2 pair of boots (worn)
 v - the +4 plate armour "Liafor" (worn) {rN+ Slay+3 SInv}
   (You found it on level 6 of the Lair of Beasts)

   Slay:      It affects your accuracy & damage with ranged weapons and melee
   (+3).
   rN:        It protects you from negative energy.
   SInv:      It lets you see invisible.
 x - a +0 kite shield of reflection
 y - the +0 pair of gloves of Maarany (worn) {Rampage rCorr}
   (You bought it in a shop on level 2 of the Orcish Mines)

   rCorr:     It protects you from acid and corrosion.
   Rampage:   It bestows one free step when moving towards enemies.
Jewellery
 e - a +4 ring of evasion (left hand)
 j - a ring of resist corrosion
 s - an amulet of reflection (around neck)
 t - a ring of see invisible (right hand)
 z - an amulet of the acrobat
Wands
 c - a wand of iceblast (16)
 f - a wand of digging (7)
 p - a wand of paralysis (18)
 u - a wand of acid (9)
Scrolls
 i - 3 scrolls of blinking
 k - a scroll of fear
 n - 18 scrolls of identify
 o - 3 scrolls of teleportation
 r - 3 scrolls of fog
Potions
 d - 4 potions of haste
 h - 5 potions of invisibility
 q - 2 potions of flight
 w - a potion of might


   Skills:
 + Level 15.8 Fighting
 + Level 1.3(1.6) Short Blades
 + Level 1.4(1.8) Long Blades
 + Level 22.7(22.9) Axes
 + Level 6.2(16.5) Maces & Flails
 + Level 1.4(15.6) Polearms
 + Level 1.4(4.3) Staves
 + Level 1.2(1.5) Slings
 + Level 1.2 Bows
 + Level 1.2 Crossbows
 + Level 1.1(1.4) Throwing
 + Level 13.9 Armour
 + Level 4.6 Dodging
 + Level 3.4 Stealth
 + Level 6.3 Shields
 + Level 1.2 Unarmed Combat
 + Level 1.1 Invocations
 + Level 1.8 Evocations


You had 15 spell levels left.
You didn't know any spells.
Your spell library was empty.

Dungeon Overview and Level Annotations

Branches:
Dungeon (11/15)            Temple (0/1) D:6            Lair (6/6) D:9
  Swamp (2/4) Lair:4       Spider (0/4) Lair:3        Slime (0/5) Lair:5
    Orc (2/2) D:10            Elf (1/3) Orc:2

Altars:
Cheibriados
Dithmenos
Elyvilon
Gozag
Hepliaklqana
Kikubaaqudgha
Makhleb
Okawaru
Qazlal
Sif Muna
Trog
Vehumet
Yredelemnul
The Shining One
Beogh
Jiyva

Shops:
D:6 ?   Orc:2 ![(*(

Portals:
Hell: Lair:6

Annotations:
Elf:1 4 runed translucent doors


Innate Abilities, Weirdness & Mutations

You have a pair of horns on your head.
You reflexively headbutt those who attack you in melee.


Message History

An eleionoma comes into view.
The eleionoma flows through the trees.
The eleionoma hits you.
* * * LOW HITPOINT WARNING * * *
You see here a bog body corpse.
The eleionoma hurls a spray of splinters at you.
The spray of wooden splinters hits you but does no damage.
You barely miss the eleionoma. The eleionoma hits you.
* * * LOW HITPOINT WARNING * * *
You closely miss the eleionoma. The eleionoma hits you!
* * * LOW HITPOINT WARNING * * *
You feel better. The eleionoma hits you!
* * * LOW HITPOINT WARNING * * *
You slice the eleionoma!!
The eleionoma is moderately wounded.
The eleionoma completely misses you. You furiously retaliate!
You headbutt the eleionoma! You slice the eleionoma!!
The eleionoma is severely wounded.
The eleionoma touches a tree and draws upon its vitality.
The eleionoma is healed.
You slash the eleionoma!
The eleionoma is lightly wounded.
You block the eleionoma's attack.
You barely miss the eleionoma.
The eleionoma is lightly wounded.
You slice the eleionoma!! Your headbutt misses the eleionoma.
The eleionoma is heavily wounded.
The eleionoma hits you but does no damage.
You barely miss the eleionoma.
You headbutt the eleionoma, but do no damage.
The eleionoma is moderately wounded.
The eleionoma hits you!
* * * LOW HITPOINT WARNING * * *
You feel yourself speed up.
The eleionoma hits you but does no damage.
You slash the eleionoma!
The eleionoma is severely wounded.
The eleionoma hits you!
You die...

≈...≈≈≈§♣....≈♣
≈≈....≈)≈≈....♣
≈≈.....≈...:.!♣
...≈♣♣.≈.)..≈♣ .
♣.≈..♣♣.≈♣
♣...†♣.≈≈♣
♣♣.≈.≈♣..♣
♣♣♣♣R♣...♣ ≈..♣≈
♣♣≈♣≈.@≈.♣♣ ....≈
♣..)..≈§.♣ ♣♣♣♣♣...
♣♣.♣.♣♣.≈♣ ≈..≈...
♣♣♣♣♣.≈§♣ ♣.≈≈...
♣≈.♣♣ ♣.≈.≈.≈ ♣..♣♣
♣♣≈≈≈≈≈. ♣♣...♣
♣..≈≈.≈≈ ♣.≈≈.♣♣
♣♣♣≈≈≈.≈≈.
♣♣≈....♣♣♣♣.≈.≈≈≈≈≈§


You could see an eleionoma.

Vanquished Creatures
  Nikola (Swamp:2)
  Donald (Orc:2)
  Roxanne (Swamp:2)
  5 bunyips (Swamp:1)
  2 eleionomae (Swamp:1)
  Josephine (Orc:2)
  16 hydras
  2 boulder beetles
  2 ghost crabs (Swamp:1)
  Erolcha (D:9)
  2 catoblepae (Lair:4)
  3 two-headed ogres
  11 death yaks
  4 alligators (Swamp:1)
  A centaur warrior (D:10)
  4 orc high priests
  4 spriggans
  6 goliath frogs
  2 sixfirhies
  3 spriggan druids (Swamp:1)
  2 bog bodies (Swamp:2)
  A wizard (Lair:6)
  2 swamp dragons
  3 deep elf zephyrmancers (Elf:1)
  2 lindwurms (Lair:1)
  A deep elf pyromancer (Elf:1)
  5 orc sorcerers
  4 orc knights (Orc:2)
  2 oklob plants (Lair:3)
  4 will-o-the-wisps
  2 cyclopes
  7 black mambas
  3 orange demons (Lair:6)
  A water nymph (Swamp:2)
  3 gargoyles
  15 cane toads
  14 komodo dragons
  A hellwing (Lair:6)
  3 rime drakes
  2 ice devils (Lair:6)
  A red devil (Lair:6)
  The ghost of Zkahoot the Firebug, a novice DEFE (D:5)
  A polar bear (Lair:1)
  4 trolls
  7 tyrant leeches (Swamp:1)
  4 hornets
  A slime creature (D:10)
  33 blink frogs
  7 dream sheep (Lair:6)
  2 shadows
  2 vampires (D:10)
  4 wraiths (Orc:2)
  9 wyverns
  32 yaks
  2 basilisks
  Edmund (D:6)
  4 vampire mosquitoes (D:11)
  5 wargs
  4 hell hounds (Lair:6)
  9 swamp worms
  An acid dragon (D:10)
  The ghost of manix the Sneak, an amateur VSTm (D:5)
  3 ice beasts
  23 water moccasins
  3 black bears
  28 orc warriors
  A sky beast (D:6)
  2 swamp drakes
  2 necrophages
  8 ogres
  5 centaurs
  20 wolves
  A phantom (D:4)
  3 kobold brigands
  15 bullfrogs
  3 scorpions (D:5)
  A wyvern zombie (D:8)
  9 killer bees (D:8)
  5 howler monkeys (D:7)
  10 wights
  3 electric eels
  6 centaur zombies
  20 orc priests
  2 hounds
  A centaur skeleton (D:5)
  22 jellies
  4 iguanas
  26 orc wizards
  2 killer bee zombies (D:7)
  A hound skeleton (D:4)
  3 howler monkey zombies
  10 adders
  A shadow imp (D:7)
  2 white imps
  An ufetubus (D:6)
  The ghost of Elvor the Sneak, a weakling GrDe (D:5)
  4 dart slugs
  63 orcs
  6 ball pythons
  2 bats
  9 endoplasms
  2 giant cockroaches (D:2)
  3 hobgoblins
  8 jackals
  8 quokkas
  5 frilled lizards
  6 goblins
  24 kobolds
  7 rats
678 creatures vanquished.

Vanquished Creatures (collateral kills)
  An orc (D:6)
1 creature vanquished.

Vanquished Creatures (others)
  A bloated husk (Swamp:2)
  An orc (Orc:2)
  15 foxfires
  43 fungi
  29 plants
  9 toadstools (Lair:1)
98 creatures vanquished.

Grand Total: 777 creatures vanquished

Notes
Turn   | Place    | Note
-------+----------+-------------------------------------------
     0 | D:1      | Dexcius the Minotaur Berserker began the quest for the Orb.
     0 | D:1      | Reached XP level 1. HP: 19/19 MP: 0/0
   302 | D:1      | Reached XP level 2. HP: 24/27 MP: 1/1
   361 | D:1      | Reached skill level 4 in Axes
   974 | D:2      | Reached XP level 3. HP: 30/33 MP: 2/2
  1009 | D:2      | Reached ** piety under Trog
  1146 | D:2      | Found a faded altar of an unknown god.
  1220 | D:2      | Reached XP level 4. HP: 34/41 MP: 3/3
  1671 | D:3      | Reached skill level 5 in Axes
  1671 | D:3      | Reached skill level 1 in Stealth
  1671 | D:3      | Reached XP level 5. HP: 47/47 MP: 4/4
  1675 | D:3      | Reached skill level 5 in Fighting
  1840 | D:3      | Found an iron altar of Okawaru.
  1994 | D:3      | Reached *** piety under Trog
  2203 | D:3      | Identified a scroll of acquirement
  2203 | D:3      | Acquired the +10 executioner's axe of Malaise {vorpal, rF+
                  | rC+ rN+}
  2311 | D:4      | Reached skill level 6 in Axes
  2311 | D:4      | Reached XP level 6. HP: 56/56 MP: 5/5
  2628 | D:4      | Noticed a water moccasin
  2631 | D:4      | Found a white marble altar of Elyvilon.
  2633 | D:4      | Found a stormy altar of Qazlal.
  2664 | D:4      | Killed a water moccasin
  2665 | D:4      | Reached skill level 7 in Axes
  2665 | D:4      | Reached XP level 7. HP: 62/62 MP: 6/6
  3100 | D:4      | HP: 4/94 [something/magic dart (3)]
  3105 | D:4      | HP: 1/63 [something/puff of flame (2)]
  3107 | D:4      | Reached skill level 8 in Axes
  3655 | D:5      | Entered Level 5 of the Dungeon
  3658 | D:5      | Reached XP level 8. HP: 70/70 MP: 7/7
  3663 | D:5      | Reached skill level 9 in Axes
  3755 | D:5      | Reached skill level 5 in Armour
  3791 | D:5      | Reached skill level 10 in Axes
  3899 | D:5      | Reached **** piety under Trog
  3991 | D:5      | Found a runed translucent gate.
  3992 | D:5      | Found a runed translucent gate.
  3993 | D:5      | Found a runed translucent gate.
  3994 | D:5      | Noticed Elvor's ghost (weakling GrDe)
  3994 | D:5      | Noticed Zkahoot's ghost (novice DEFE)
  3994 | D:5      | Noticed manix's ghost (amateur VSTm)
  4003 | D:5      | Killed manix's ghost
  4003 | D:5      | Killed Zkahoot's ghost
  4003 | D:5      | Killed Elvor's ghost
  4004 | D:5      | Reached skill level 11 in Axes
  4154 | D:5      | Reached XP level 9. HP: 63/79 MP: 8/8
  4435 | D:6      | Noticed Edmund
  4439 | D:6      | Killed Edmund
  4610 | D:6      | Reached skill level 12 in Axes
  4810 | D:6      | Found a radiant altar of Vehumet.
  4810 | D:6      | Found a hazy altar of Hepliaklqana.
  4895 | D:6      | Found Sawir's Magic Scroll Emporium.
  5009 | D:6      | Found a staircase to the Ecumenical Temple.
  5197 | D:7      | Noticed a two-headed ogre
  5200 | D:7      | Killed a two-headed ogre
  5201 | D:7      | Reached skill level 13 in Axes
  5351 | D:7      | Reached ***** piety under Trog
  5630 | D:7      | Reached XP level 10. HP: 89/89 MP: 9/9
  5642 | D:7      | Identified the +2 robe of Qiqoz {*Slow rF++ MP+9 Archmagi}
  5833 | D:8      | Received a gift from Trog
  6095 | D:8      | Reached skill level 14 in Axes
  6550 | D:8      | Found an opulent altar of Gozag.
  6550 | D:8      | Found a basalt altar of Yredelemnul.
  6854 | D:9      | You fall into a shaft and drop 1 floor!
  6854 | D:10     | Entered Level 10 of the Dungeon
  6854 | D:10     | Found a viscous altar of Jiyva.
  6888 | D:10     | Noticed a gargoyle
  6889 | D:10     | Found an ancient bone altar of Kikubaaqudgha.
  6889 | D:10     | Noticed a gargoyle
  6892 | D:10     | Killed a gargoyle
  6894 | D:10     | Killed a gargoyle
  7003 | D:10     | Found a bloodstained altar of Trog.
  7005 | D:10     | Found a shimmering blue altar of Sif Muna.
  7005 | D:10     | Found a glowing golden altar of the Shining One.
  7006 | D:10     | Found a shadowy altar of Dithmenos.
  7009 | D:10     | Found a snail-covered altar of Cheibriados.
  7044 | D:10     | Noticed a centaur warrior
  7052 | D:10     | Killed a centaur warrior
  7053 | D:10     | Reached skill level 15 in Axes
  7448 | D:9      | Noticed a cyclops
  7452 | D:9      | Killed a cyclops
  7510 | D:9      | Found a staircase to the Lair.
  7519 | D:9      | Reached XP level 11. HP: 89/97 MP: 4/10
  7877 | D:9      | Noticed Erolcha
  7890 | D:9      | Killed Erolcha
  8187 | Lair:1   | Entered Level 1 of the Lair of Beasts
  8328 | Lair:1   | Reached skill level 16 in Axes
  8339 | Lair:1   | Reached skill level 10 in Fighting
  8708 | Lair:1   | Noticed a lindwurm
  8708 | Lair:1   | Noticed a lindwurm
  8730 | Lair:1   | Found a runed translucent door.
  8766 | Lair:1   | Killed a lindwurm
  8774 | Lair:1   | Killed a lindwurm
  9292 | Lair:1   | Reached skill level 17 in Axes
  9577 | Lair:2   | Reached skill level 1 in Shields
  9589 | Lair:2   | Reached XP level 12. HP: 87/110 MP: 11/11
 10100 | Lair:2   | Noticed a seven-headed hydra
 10106 | Lair:2   | Killed a seven-headed hydra
 10275 | Lair:2   | Noticed a four-headed hydra
 10281 | Lair:2   | Killed a four-headed hydra
 10420 | Lair:3   | Noticed a four-headed hydra
 10428 | Lair:3   | Killed a four-headed hydra
 10429 | Lair:3   | Reached skill level 1 in Maces & Flails
 10444 | Lair:3   | Noticed a death yak
 10671 | Lair:3   | Noticed a death yak
 10675 | Lair:3   | Noticed a death yak
 10680 | Lair:3   | Reached skill level 10 in Armour
 10680 | Lair:3   | Killed a death yak
 10681 | Lair:3   | Reached skill level 18 in Axes
 10681 | Lair:3   | Noticed a death yak
 10681 | Lair:3   | Noticed a death yak
 10685 | Lair:3   | Killed a death yak
 10686 | Lair:3   | Killed a death yak
 10688 | Lair:3   | Noticed a death yak
 10689 | Lair:3   | Killed a death yak
 10691 | Lair:3   | Killed a death yak
 10694 | Lair:3   | Killed a death yak
 11221 | Lair:3   | Found a hole to the Spider Nest.
 11624 | Lair:3   | Noticed a five-headed hydra
 11634 | Lair:3   | Killed a five-headed hydra
 11650 | Lair:3   | Reached XP level 13. HP: 102/118 MP: 12/12
 12648 | Lair:4   | Reached skill level 19 in Axes
 12658 | Lair:4   | Reached skill level 1 in Short Blades
 12658 | Lair:4   | Reached skill level 1 in Long Blades
 12658 | Lair:4   | Reached skill level 1 in Polearms
 12658 | Lair:4   | Reached skill level 1 in Staves
 12658 | Lair:4   | Reached skill level 1 in Slings
 12658 | Lair:4   | Reached skill level 1 in Bows
 12658 | Lair:4   | Reached skill level 1 in Crossbows
 12658 | Lair:4   | Reached skill level 1 in Throwing
 12658 | Lair:4   | Reached skill level 1 in Unarmed Combat
 12658 | Lair:4   | Reached skill level 1 in Invocations
 12658 | Lair:4   | Reached skill level 1 in Evocations
 12658 | Lair:4   | Reached XP level 14. HP: 127/127 MP: 13/13
 12696 | Lair:4   | Reached ****** piety under Trog
 13303 | Lair:4   | Found a staircase to the Swamp.
 13345 | Lair:4   | Received a gift from Trog
 14077 | Lair:5   | Reached skill level 5 in Maces & Flails
 14703 | Lair:5   | Found a staircase to the Slime Pits.
 15508 | Lair:6   | Entered Level 6 of the Lair of Beasts
 15760 | Lair:6   | Received a gift from Trog
 15843 | Lair:6   | Reached skill level 20 in Axes
 15980 | Lair:6   | Reached XP level 15. HP: 22/137 MP: 14/14
 15984 | Lair:6   | HP: 2/137 [yak (21)]
 16921 | Lair:6   | Identified the +10 great mace of Optimality {vorpal, rElec
                  | Dex+2} (Trog gifted it to you on level 6 of the Lair of
                  | Beasts)
 16921 | Lair:6   | Received a gift from Trog
 16944 | Lair:6   | Found a burning altar of Makhleb.
 17474 | Lair:6   | Found a gateway to Hell.
 17481 | Lair:6   | Identified the +4 plate armour "Liafor" {rN+ Slay+3 SInv}
 17937 | D:10     | Found a staircase to the Orcish Mines.
 18509 | D:11     | Reached skill level 5 in Shields
 19148 | D:11     | Found a runed translucent door.
 19417 | Orc:1    | Entered Level 1 of the Orcish Mines
 19466 | Orc:1    | Reached skill level 21 in Axes
 19844 | Orc:1    | Received a gift from Trog
 20204 | Orc:2    | Entered Level 2 of the Orcish Mines
 20317 | Orc:2    | Found Gymah's Distillery.
 20320 | Orc:2    | Noticed Donald
 20332 | Orc:2    | Killed Donald
 20333 | Orc:2    | Noticed Josephine
 20342 | Orc:2    | Killed Josephine
 20486 | Orc:2    | Found a staircase to the Elven Halls.
 21096 | Orc:2    | Found Vaodib's Antique Weapon Emporium.
 21096 | Orc:2    | Found Lexzim's Antique Armour Boutique.
 21197 | Orc:2    | Found Cyesm's General Store.
 21197 | Orc:2    | Found Awuobbun's Antique Weapon Boutique.
 21208 | Orc:2    | Bought a pair of transparent gloves for 342 gold pieces
 21208 | Orc:2    | Identified the +0 pair of gloves of Maarany {Rampage rCorr}
                  | (You bought it in a shop on level 2 of the Orcish Mines)
 21459 | Elf:1    | Entered Level 1 of the Elven Halls
 21459 | Elf:1    | Noticed a deep elf sorcerer
 21459 | Elf:1    | Noticed a deep elf sorcerer
 21459 | Elf:1    | Found a runed translucent gate.
 21459 | Elf:1    | Found a runed translucent gate.
 21459 | Elf:1    | Found a runed translucent gate.
 21459 | Elf:1    | Found a runed translucent gate.
 21459 | Elf:1    | Found a runed translucent gate.
 21459 | Elf:1    | Found a runed translucent gate.
 21460 | Elf:1    | Found a runed translucent door.
 21474 | Elf:1    | Reached skill level 15 in Fighting
 21933 | Swamp:1  | Entered Level 1 of the Swamp
 22277 | Swamp:1  | Identified the +4 ring mail "Unwuohe" {rCorr SInv}
 22537 | Swamp:1  | Identified the +10 short sword of the Valley of Death
                  | {holy, rElec}
 22575 | Swamp:1  | Reached XP level 16. HP: 100/149 MP: 15/15
 22577 | Swamp:1  | Received a gift from Trog
 22862 | Swamp:1  | Reached skill level 22 in Axes
 25430 | Swamp:2  | Identified Roxanne's Handbook of Changing
 25430 | Swamp:2  | Noticed Roxanne
 25459 | Swamp:2  | Killed Roxanne
 25459 | Swamp:2  | Received a gift from Trog
 25566 | Swamp:2  | Noticed Nikola
 25588 | Swamp:2  | Killed Nikola
 25623 | Swamp:2  | Slain by an eleionoma

Illustrated notes

Levels and vault maps discovered:
D:1:      onia_arrival_handbag, layout_loops_ring
D:2:      layout_rooms, serial_curves, eino_curves_02, eino_curves_03,
          ebering_ecumenical_altar_mist
D:3:      layout_rooms, overflow_temple_1_default
D:4:      layout_basic, jmf_multi_god_temple, serial_rivers,
          chequers_serial_rivers_marsh, chequers_serial_rivers_large_b,
          chequers_serial_rivers_micro_a, chequers_serial_rivers_large_a,
          chequers_serial_rivers_micro_a, minmay_misc_feat_ornament
D:5:      layout_cave_pools, gammafunk_ghost_cemetery, minmay_misc_feat_hallway
D:6:      layout_basic, gammafunk_temple_overflow_statue, temple_statues,
          serial_shops, shop, uniq_edmund
D:7:      layout_rooms, kennysheep_big_empty_room, minmay_manual_monstrance
D:8:      layout_gridville, gammafunk_temple_overflow_wave,
          kennysheep_generic_room_15
D:9:      layout_gridville, erik_lair_orcish_takeover, minmay_misc_feat_pillars,
          uniq_erolcha
D:10:     layout_basic, kiku_gazebo_pond_becter, minitemple, orc_0_dummy,
          jiyva_altar_1
D:11:     cheibrodos_shockbox, layout_basic, special_room [special_room_orc],
          minivault_4
Lair:1:   gammafunk_lair_enchanted_lake, layout_misc_corridors, st_stairs_6,
          serial_bayou_shore_b, infiniplex_staircase_pool_2
Lair:2:   layout_roguey
Lair:3:   layout_long_grid, dummy_spider_entry, grunt_megastairs_2,
          minmay_lair_oklob_chamber, lemuel_fruit_tree
Lair:4:   layout_hall_layers, palyth_hydra_swamp_entry, grunt_megastairs_1,
          serial_bayou_shore_b
Lair:5:   layout_loops_ring, minmay_slime_entry_jelly_boxes, beast_lair_carwin_2
Lair:6:   evil_forest, layout_hall_layers, columned_hall_lemuel, minivault_25
Swamp:1:  layout_falls_marsh, nicolae_swamp_dense_foliage,
          infiniplex_staircase_pool
Swamp:2:  layout_falls_marsh, evilmike_swamp_ruin_rubble_2, swamp_pool3,
          nicolae_swamp_nymph_family_reunion, uniq_roxanne, uniq_nikola
Orc:1:    layout_caves, rock_pile
Orc:2:    grunt_orc_tribal_feast, layout_diamond_mine, serial_shops,
          nicolae_shop_statue_plus, uniq_josephine, uniq_donald
Elf:1:    nicolae_elf_arrival_dilemma, layout_loops_corners,
          ebering_ghost_gozag, kennysheep_underground_church,
          lemuel_upstairs_altar

Skill      XL: |  1  2  3  4  5  6  7  8  9 10 11 12 13 14 15 16 |
---------------+-------------------------------------------------+-----
Axes           | 4 5 6 7 8 11 13 15 17 18 19 20 21 22 | 22.7
Fighting       | 4 5 6 7 8 9 11 12 13 15 | 15.8
Dodging        | 3 4 |  4.6
Stealth        | 1 2 3 |  3.4
Armour         | 3 4 5 6 8 9 10 11 12 13 | 13.9
Shields        | 1 2 3 4 6 |  6.3
Maces & Flails | 3 5 6 |  6.2
Short Blades   | 1 |  1.3
Long Blades    | 1 |  1.4
Polearms       | 1 |  1.4
Staves         | 1 |  1.4
Slings         | 1 |  1.2
Bows           | 1 |  1.2
Crossbows      | 1 |  1.2
Throwing       | 1 |  1.1
Unarmed Combat | 1 |  1.2
Invocations    | 1 |  1.1
Evocations     | 1 |  1.8

Action                   |  1- 3 |  4- 6 |  7- 9 | 10-12 | 13-15 | 16-18 || total
-------------------------+-------+-------+-------+-------+-------+-------++-------
Melee: Hand axe          |    56 |    40 |       |       |       |       ||    96
       Headbutt          |     7 |    11 |    15 |    49 |   101 |    35 ||   218
       Executioner's axe |       |    16 |   143 |   252 |   528 |   121 ||  1060
       War axe           |       |     1 |       |       |       |       ||     1
       Morningstar       |       |       |       |    15 |    46 |       ||    61
Invok: Berserk           |       |     1 |     2 |     2 |     3 |     1 ||     9
Evoke: Wand              |       |       |     1 |     2 |     2 |       ||     5
  Use: Scroll            |       |     6 |     5 |     2 |     4 |     1 ||    18
       Potion            |       |     3 |       |     4 |     5 |     2 ||    14
 Stab: Sleeping          |     3 |       |       |       |       |       ||     3
       Paralysed         |       |       |       |     1 |       |       ||     1
Armor: Animal skin       |     7 |       |       |       |       |       ||     7
       Chain mail        |       |    17 |    27 |       |       |       ||    44
       Plate armour      |       |       |    60 |   160 |   315 |    70 ||   605
Dodge: Dodged            |    33 |    36 |    73 |   173 |   324 |    68 ||   707
Block: Other             |       |       |       |    33 |   132 |    22 ||   187
       Reflection        |       |       |       |       |     8 |       ||     8
